[ PARTIDA AOE2 · #462731143 ]
UnrankedHunos vs Vietnamese
[ ANÁLISIS DE REPETICIÓN · EXTRAÍDO DE LA PARTIDA GRABADA ]
Feudal
8:51
Castillos
24:40
Imperial
—
| APM promedio | 38.6 |
| APM pico | 163 |
| eAPM promedio | 18.3 |
| Aldeanos / militares | 52 / 31 |
Foco
⚔️ 61.3% · 🌾 38.7%
Knight ×17 · Scout Cavalry ×14
Feudal
9:52
Castillos
22:18
Imperial
—
| APM promedio | 50.8 |
| APM pico | 97 |
| eAPM promedio | 20.2 |
| Aldeanos / militares | 73 / 60 |
Foco
⚔️ 25.1% · 🌾 74.9%
Archer ×57 · Spearman ×3
Feudal
8:57
Castillos
22:21
Imperial
—
| APM promedio | 44.5 |
| APM pico | 87 |
| eAPM promedio | 23.7 |
| Aldeanos / militares | 92 / 50 |
Foco
⚔️ 51.9% · 🌾 48.1%
Knight ×39 · Scout Cavalry ×11
Feudal
9:15
Castillos
—
Imperial
—
| APM promedio | 25.6 |
| APM pico | 51 |
| eAPM promedio | 13.4 |
| Aldeanos / militares | 51 / 10 |
Foco
⚔️ 31.2% · 🌾 68.8%
Scout Cavalry ×10
Feudal
8:58
Castillos
21:02
Imperial
—
| APM promedio | 48.7 |
| APM pico | 82 |
| eAPM promedio | 21.6 |
| Aldeanos / militares | 64 / 80 |
Foco
⚔️ 39.9% · 🌾 60.1%
Archer ×80
Feudal
9:01
Castillos
24:07
Imperial
—
| APM promedio | 50.6 |
| APM pico | 108 |
| eAPM promedio | 19.3 |
| Aldeanos / militares | 68 / 36 |
Foco
⚔️ 44.3% · 🌾 55.7%
Scout Cavalry ×29 · Knight ×7
Feudal
8:52
Castillos
22:05
Imperial
—
| APM promedio | 58.6 |
| APM pico | 94 |
| eAPM promedio | 20.5 |
| Aldeanos / militares | 53 / 58 |
Foco
⚔️ 51.7% · 🌾 48.3%
Archer ×57 · Spearman ×1
Feudal
10:08
Castillos
26:33
Imperial
—
| APM promedio | 47.3 |
| APM pico | 78 |
| eAPM promedio | 20.5 |
| Aldeanos / militares | 57 / 23 |
Foco
⚔️ 20.8% · 🌾 79.2%
Archer ×16 · Spearman ×7
Mapa de la partida
Recursos iniciales + cada clic de construcción. Líneas = muros · curvas = relieve. ◆ oro · ⬟ piedra · ● bayas · ✦ reliquia · ◌ hueco del cierre
Tu base· ✓ Cerrada en 24:40 · 90t muro · 1 puerta(s)
Base de gamelnderGamler· Abierta — hueco de 8t
Base de Oni.Nego· ✓ Cerrada en 22:21 · 66t muro · 1 puerta(s)
Base de MissBigoudixxx· Abierta — flanco sin cerrar
Base de Oni.GoKu· ✓ Cerrada en 21:02 · 36t muro · sin puerta
Base de DSLG | Genghis Khan!!!· ✓ Cerrada en 24:07 · 55t muro · 1 puerta(s)
Base de DidierMotet· Abierta — hueco de 5t
Base de Oni.Forkxx· ✓ Cerrada en 26:33 · 38t muro · 2 puerta(s)
Terreno inicial suavizado · ◌ = hueco del cierre detectado · pasá el cursor para detalles
Inputs por minuto
— Oni.Tonmsaoe2 - - gamelnderGamler
Build order — Oni.Tonmsaoe2
148 acciones detectadas en el replay
| 0:01 | Crear | Villager (Male) ×4 |
| 1:27 | Crear | Villager (Male) |
| 1:44 | Crear | Villager (Male) |
| 2:07 | Construir | Lumber Camp |
| 2:09 | Crear | Villager (Male) |
| 2:32 | Crear | Villager (Male) |
| 3:00 | Crear | Villager (Male) |
| 3:41 | Crear | Villager (Male) |
| 3:42 | Crear | Villager (Male) |
| 3:45 | Crear | Villager (Male) |
| 3:45 | Crear | Villager (Male) |
| 4:09 | Crear | Villager (Male) |
| 4:57 | Crear | Villager (Male) |
| 4:58 | Crear | Villager (Male) |
| 4:59 | Crear | Villager (Male) |
| 5:01 | Construir | Mill |
| 5:19 | Investigar | Loom |
| 6:41 | Investigar | Feudal Age |
| 8:03 | Construir | Barracks |
| 8:28 | Crear | Villager (Male) |
| 8:51 | Edad | Edad Feudal |
| 8:53 | Construir | Stable |
| 8:56 | Investigar | Double-Bit Axe |
| 9:09 | Crear | Villager (Male) |
| 9:16 | Investigar | Horse Collar |
| 9:34 | Crear | Villager (Male) |
| 9:35 | Crear | Scout Cavalry |
| 9:55 | Crear | Villager (Male) |
| 10:10 | Crear | Scout Cavalry |
| 10:13 | Construir | Farm |
| 10:17 | Construir | Farm |
| 10:21 | Construir | Palisade Wall |
| 10:22 | Construir | Palisade Wall |
| 10:44 | Crear | Villager (Male) |
| 11:02 | Construir | Farm |
| 11:03 | Construir | Farm |
| 11:08 | Construir | Farm |
| 11:15 | Construir | Farm |
| 11:16 | Crear | Villager (Male) |
| 11:24 | Construir | Palisade Wall |
| 11:45 | Construir | Palisade Wall |
| 11:50 | Crear | Villager (Male) |
| 11:53 | Construir | Farm |
| 11:56 | Construir | Farm |
| 12:05 | Construir | Palisade Wall |
| 12:07 | Crear | Scout Cavalry |
| 12:12 | Crear | Villager (Male) |
| 12:27 | Construir | Farm |
| 12:28 | Construir | Farm |
| 12:31 | Construir | Farm |
| 12:38 | Crear | Villager (Male) |
| 12:47 | Construir | Palisade Wall |
| 12:54 | Crear | Scout Cavalry |
| 13:00 | Construir | Farm |
| 13:01 | Crear | Villager (Male) |
| 13:09 | Construir | Palisade Wall |
| 13:25 | Crear | Villager (Male) |
| 13:37 | Crear | Scout Cavalry |
| 13:38 | Crear | Villager (Male) |
| 13:44 | Construir | Farm |
| 13:46 | Construir | Farm |
| 14:06 | Crear | Scout Cavalry |
| 14:12 | Crear | Villager (Male) |
| 14:53 | Construir | Mining Camp |
| 14:59 | Construir | Blacksmith |
| 15:05 | Crear | Villager (Male) |
| 15:05 | Crear | Scout Cavalry |
| 15:18 | Construir | Palisade Wall |
| 15:25 | Crear | Villager (Male) |
| 15:26 | Crear | Scout Cavalry |
| 15:31 | Construir | Farm |
| 15:41 | Crear | Villager (Male) |
| 15:47 | Construir | Palisade Wall |
| 15:49 | Construir | Palisade Wall |
| 15:51 | Construir | Palisade Wall |
| 15:57 | Construir | Farm |
| 15:58 | Construir | Farm |
| 15:59 | Construir | Farm |
| 16:09 | Crear | Villager (Male) |
| 16:09 | Crear | Scout Cavalry |
| 16:21 | Investigar | Scale Barding Armor |
| 16:32 | Construir | Farm |
| 16:35 | Construir | Farm |
| 16:42 | Crear | Villager (Male) |
| 16:42 | Crear | Scout Cavalry |
| 16:52 | Crear | Villager (Male) |
| 17:06 | Construir | Lumber Camp |
| 17:08 | Crear | Villager (Male) |
| 17:21 | Crear | Villager (Male) |
| 17:35 | Crear | Villager (Male) |
| 17:43 | Construir | Palisade Wall |
| 17:48 | Construir | Palisade Wall |
| 17:56 | Construir | Palisade Wall |
| 18:03 | Investigar | Forging |
| 18:05 | Investigar | Bloodlines |
| 18:56 | Crear | Villager (Male) |
| 18:56 | Crear | Villager (Male) |
| 18:58 | Crear | Scout Cavalry |
| 18:58 | Crear | Scout Cavalry |
| 19:17 | Crear | Villager (Male) |
| 19:18 | Crear | Scout Cavalry |
| 19:18 | Crear | Scout Cavalry |
| 19:28 | Construir | Farm |
| 19:29 | Construir | Farm |
| 20:01 | Construir | Stable |
| 20:06 | Investigar | Wheelbarrow |
| 20:44 | Crear | Villager (Male) |
| 21:02 | Construir | Lumber Camp |
| 21:08 | Construir | Farm |
| 21:09 | Construir | Farm |
| 21:10 | Construir | Farm |
| 21:49 | Construir | Palisade Gate |
| 21:51 | Construir | Stable |
| 22:00 | Investigar | Castle Age |
| 22:00 | Investigar | Castle Age |
| 22:52 | Investigar | Gold Mining |
| 24:40 | Edad | Edad de los Castillos |
| 24:43 | Investigar | Light Cavalry (upgrade) |
| 24:43 | Investigar | Husbandry |
| 24:44 | Investigar | Chain Barding Armor |
| 24:45 | Investigar | Bow Saw |
| 24:46 | Crear | Villager (Male) |
| 24:46 | Crear | Villager (Male) |
| 24:52 | Construir | Town Center |
| 25:34 | Crear | Villager (Male) |
| 25:34 | Crear | Knight |
| 25:35 | Crear | Knight |
| 25:35 | Crear | Knight |
| 25:39 | Crear | Knight |
| 25:39 | Crear | Knight |
| 25:40 | Crear | Knight |
| 25:41 | Crear | Villager (Male) |
| 25:50 | Crear | Villager (Male) |
| 25:52 | Crear | Knight |
| 25:52 | Crear | Knight |
| 25:52 | Crear | Knight |
| 26:41 | Crear | Knight |
| 26:41 | Crear | Knight |
| 26:41 | Crear | Knight |
| 26:42 | Crear | Villager (Male) |
| 26:43 | Crear | Villager (Male) |
| 27:05 | Crear | Villager (Male) |
| 27:05 | Crear | Knight |
| 27:06 | Crear | Knight |
| 27:30 | Crear | Villager (Male) |
| 27:31 | Crear | Knight |
| 27:31 | Crear | Knight |
| 27:32 | Crear | Knight |
Build order — gamelnderGamler
Primeras 150 de 190 acciones detectadas
| 0:02 | Crear | Villager (Male) |
| 0:02 | Crear | Villager (Male) |
| 0:03 | Construir | House |
| 0:04 | Construir | House |
| 0:19 | Crear | Villager (Male) |
| 0:19 | Crear | Villager (Male) |
| 1:33 | Crear | Villager (Male) |
| 1:33 | Crear | Villager (Male) |
| 1:33 | Crear | Villager (Male) |
| 1:47 | Construir | Lumber Camp |
| 2:01 | Crear | Villager (Male) |
| 2:01 | Crear | Villager (Male) |
| 2:01 | Crear | Villager (Male) |
| 2:22 | Crear | Villager (Male) |
| 2:22 | Crear | Villager (Male) |
| 2:49 | Crear | Villager (Male) |
| 2:49 | Crear | Villager (Male) |
| 3:08 | Crear | Villager (Male) |
| 3:08 | Crear | Villager (Male) |
| 3:25 | Construir | House |
| 3:41 | Crear | Villager (Male) |
| 3:41 | Crear | Villager (Male) |
| 4:03 | Crear | Villager (Male) |
| 4:03 | Crear | Villager (Male) |
| 4:03 | Crear | Villager (Male) |
| 4:16 | Construir | Mill |
| 4:36 | Crear | Villager (Male) |
| 4:36 | Crear | Villager (Male) |
| 4:36 | Crear | Villager (Male) |
| 4:36 | Crear | Villager (Male) |
| 4:51 | Construir | House |
| 5:23 | Crear | Villager (Male) |
| 5:24 | Crear | Villager (Male) |
| 5:24 | Crear | Villager (Male) |
| 5:24 | Crear | Villager (Male) |
| 5:24 | Crear | Villager (Male) |
| 6:11 | Crear | Villager (Male) |
| 6:11 | Crear | Villager (Male) |
| 6:11 | Crear | Villager (Male) |
| 6:14 | Construir | Lumber Camp |
| 6:20 | Crear | Villager (Male) |
| 6:21 | Crear | Villager (Male) |
| 6:47 | Investigar | Loom |
| 7:12 | Construir | Mining Camp |
| 7:42 | Investigar | Feudal Age |
| 7:43 | Investigar | Feudal Age |
| 8:31 | Construir | Barracks |
| 8:40 | Crear | Villager (Male) |
| 8:40 | Crear | Villager (Male) |
| 9:38 | Construir | Palisade Wall |
| 9:52 | Edad | Edad Feudal |
| 9:59 | Construir | Archery Range |
| 10:02 | Construir | Archery Range |
| 10:11 | Investigar | Double-Bit Axe |
| 10:28 | Construir | Mill |
| 10:45 | Crear | Villager (Male) |
| 10:46 | Crear | Villager (Male) |
| 11:03 | Construir | House |
| 11:05 | Crear | Archer |
| 11:05 | Crear | Archer |
| 11:05 | Crear | Villager (Male) |
| 11:12 | Crear | Archer |
| 11:29 | Construir | House |
| 11:32 | Construir | House |
| 11:38 | Crear | Villager (Male) |
| 11:39 | Crear | Archer |
| 11:40 | Crear | Archer |
| 12:14 | Construir | Blacksmith |
| 12:15 | Crear | Archer |
| 12:15 | Crear | Archer |
| 12:16 | Crear | Villager (Male) |
| 12:16 | Crear | Villager (Male) |
| 12:16 | Crear | Villager (Male) |
| 12:32 | Crear | Archer |
| 12:37 | Construir | House |
| 12:49 | Investigar | Horse Collar |
| 12:55 | Crear | Archer |
| 12:55 | Crear | Archer |
| 13:01 | Investigar | Fletching |
| 13:02 | Investigar | Fletching |
| 13:16 | Crear | Archer |
| 13:21 | Construir | Farm |
| 13:27 | Construir | House |
| 13:29 | Construir | House |
| 13:39 | Crear | Archer |
| 13:39 | Crear | Archer |
| 13:52 | Crear | Archer |
| 13:52 | Crear | Archer |
| 13:54 | Crear | Villager (Male) |
| 13:57 | Crear | Villager (Male) |
| 13:59 | Construir | Farm |
| 14:04 | Construir | Farm |
| 14:25 | Crear | Archer |
| 14:25 | Crear | Archer |
| 14:26 | Crear | Villager (Male) |
| 14:29 | Construir | Farm |
| 14:36 | Construir | House |
| 15:02 | Crear | Archer |
| 15:03 | Crear | Archer |
| 15:05 | Construir | Farm |
| 15:09 | Construir | House |
| 15:25 | Crear | Archer |
| 15:25 | Crear | Villager (Male) |
| 15:26 | Crear | Villager (Male) |
| 15:27 | Construir | Farm |
| 15:28 | Crear | Spearman |
| 16:09 | Crear | Archer |
| 16:10 | Crear | Archer |
| 16:11 | Crear | Villager (Male) |
| 16:12 | Construir | Farm |
| 16:13 | Investigar | Horse Collar |
| 16:19 | Construir | House |
| 17:14 | Crear | Archer |
| 17:15 | Crear | Archer |
| 17:15 | Crear | Villager (Male) |
| 17:15 | Crear | Villager (Male) |
| 17:21 | Construir | Farm |
| 17:23 | Construir | House |
| 17:30 | Crear | Archer |
| 17:30 | Crear | Archer |
| 17:33 | Construir | Farm |
| 17:47 | Construir | Palisade Gate |
| 17:57 | Crear | Archer |
| 17:57 | Crear | Archer |
| 18:00 | Crear | Villager (Male) |
| 18:02 | Construir | Farm |
| 18:04 | Construir | Farm |
| 18:07 | Construir | House |
| 18:10 | Crear | Villager (Male) |
| 18:26 | Construir | Farm |
| 18:28 | Construir | Farm |
| 18:37 | Crear | Archer |
| 18:37 | Crear | Archer |
| 18:51 | Construir | Farm |
| 18:59 | Construir | House |
| 19:04 | Construir | Palisade Wall |
| 19:25 | Crear | Archer |
| 19:25 | Crear | Archer |
| 19:38 | Investigar | Castle Age |
| 19:38 | Investigar | Castle Age |
| 19:58 | Crear | Archer |
| 19:58 | Crear | Archer |
| 19:59 | Crear | Archer |
| 20:06 | Investigar | Padded Archer Armor |
| 20:07 | Investigar | Padded Archer Armor |
| 20:47 | Construir | Archery Range |
| 20:55 | Crear | Archer |
| 20:55 | Crear | Archer |
| 20:59 | Crear | Villager (Male) |
| 20:59 | Crear | Villager (Male) |
Build order — Oni.Nego
Primeras 150 de 224 acciones detectadas
| 0:00 | Crear | Villager (Male) |
| 0:01 | Crear | Villager (Male) |
| 0:01 | Crear | Villager (Male) |
| 0:02 | Construir | House |
| 0:03 | Construir | House |
| 0:04 | Crear | Villager (Male) |
| 1:19 | Construir | Mill |
| 1:23 | Crear | Villager (Male) |
| 2:11 | Crear | Villager (Male) |
| 2:11 | Crear | Villager (Male) |
| 2:17 | Construir | Mill |
| 2:32 | Crear | Villager (Male) |
| 2:53 | Crear | Villager (Male) |
| 3:19 | Crear | Villager (Male) |
| 3:19 | Crear | Villager (Male) |
| 3:40 | Crear | Villager (Male) |
| 3:42 | Crear | Villager (Male) |
| 3:43 | Crear | Villager (Male) |
| 3:45 | Crear | Villager (Male) |
| 3:46 | Crear | Villager (Male) |
| 3:55 | Construir | House |
| 4:14 | Crear | Villager (Male) |
| 4:14 | Crear | Villager (Male) |
| 4:48 | Crear | Villager (Male) |
| 4:48 | Crear | Villager (Male) |
| 4:49 | Crear | Villager (Male) |
| 4:49 | Crear | Villager (Male) |
| 5:10 | Crear | Villager (Male) |
| 5:13 | Crear | Villager (Male) |
| 5:24 | Construir | Lumber Camp |
| 5:42 | Crear | Villager (Male) |
| 6:47 | Investigar | Feudal Age |
| 7:07 | Construir | Lumber Camp |
| 7:41 | Construir | House |
| 8:23 | Construir | Barracks |
| 8:39 | Crear | Villager (Male) |
| 8:57 | Edad | Edad Feudal |
| 9:15 | Crear | Villager (Male) |
| 9:25 | Construir | Stable |
| 9:31 | Crear | Villager (Male) |
| 9:37 | Crear | Villager (Male) |
| 9:40 | Investigar | Double-Bit Axe |
| 10:02 | Construir | House |
| 10:06 | Crear | Scout Cavalry |
| 10:06 | Crear | Scout Cavalry |
| 10:09 | Construir | Mill |
| 10:14 | Crear | Scout Cavalry |
| 10:19 | Crear | Scout Cavalry |
| 10:31 | Crear | Villager (Male) |
| 10:31 | Crear | Villager (Male) |
| 10:43 | Construir | House |
| 11:05 | Crear | Villager (Male) |
| 11:09 | Investigar | Horse Collar |
| 11:09 | Investigar | Horse Collar |
| 11:34 | Construir | Farm |
| 11:34 | Construir | Farm |
| 11:35 | Construir | Farm |
| 11:39 | Crear | Villager (Male) |
| 11:39 | Crear | Villager (Male) |
| 11:50 | Crear | Villager (Male) |
| 11:50 | Crear | Villager (Male) |
| 11:53 | Construir | House |
| 11:56 | Construir | Palisade Wall |
| 12:08 | Construir | Palisade Wall |
| 12:09 | Construir | Palisade Wall |
| 12:11 | Construir | Palisade Wall |
| 12:15 | Construir | Farm |
| 12:19 | Crear | Scout Cavalry |
| 12:32 | Construir | Farm |
| 12:34 | Crear | Villager (Male) |
| 12:34 | Crear | Villager (Male) |
| 12:40 | Construir | Palisade Wall |
| 12:41 | Construir | Palisade Wall |
| 12:42 | Construir | Palisade Wall |
| 12:45 | Construir | Palisade Wall |
| 12:51 | Crear | Villager (Male) |
| 12:51 | Crear | Villager (Male) |
| 13:04 | Construir | Farm |
| 13:13 | Crear | Scout Cavalry |
| 13:20 | Construir | Palisade Wall |
| 13:28 | Construir | Palisade Wall |
| 13:30 | Crear | Villager (Male) |
| 13:33 | Construir | Farm |
| 13:33 | Construir | Farm |
| 13:34 | Crear | Scout Cavalry |
| 13:43 | Crear | Villager (Male) |
| 13:51 | Construir | Farm |
| 13:52 | Construir | Farm |
| 13:59 | Crear | Villager (Male) |
| 14:10 | Construir | Blacksmith |
| 14:14 | Crear | Scout Cavalry |
| 14:29 | Construir | Farm |
| 14:29 | Construir | Farm |
| 14:44 | Crear | Scout Cavalry |
| 14:50 | Construir | House |
| 14:51 | Construir | House |
| 14:55 | Investigar | Scale Barding Armor |
| 14:57 | Crear | Scout Cavalry |
| 14:58 | Crear | Villager (Male) |
| 14:59 | Crear | Villager (Male) |
| 15:01 | Construir | Farm |
| 15:05 | Construir | House |
| 15:15 | Crear | Villager (Male) |
| 15:22 | Construir | House |
| 15:32 | Crear | Villager (Male) |
| 15:37 | Crear | Villager (Male) |
| 15:48 | Crear | Villager (Male) |
| 15:57 | Construir | Farm |
| 16:01 | Investigar | Bloodlines |
| 16:04 | Crear | Villager (Male) |
| 16:07 | Construir | Palisade Wall |
| 16:08 | Crear | Villager (Male) |
| 16:08 | Crear | Villager (Male) |
| 16:11 | Construir | Farm |
| 16:15 | Construir | Mining Camp |
| 16:16 | Construir | Farm |
| 16:17 | Construir | Farm |
| 16:23 | Crear | Scout Cavalry |
| 16:30 | Crear | Villager (Male) |
| 16:32 | Construir | Farm |
| 16:59 | Crear | Villager (Male) |
| 17:04 | Construir | Farm |
| 17:04 | Construir | Farm |
| 17:05 | Construir | Farm |
| 17:56 | Crear | Villager (Male) |
| 17:56 | Crear | Villager (Male) |
| 17:59 | Investigar | Wheelbarrow |
| 18:00 | Crear | Villager (Male) |
| 18:04 | Construir | House |
| 18:26 | Construir | Stable |
| 19:41 | Investigar | Castle Age |
| 19:57 | Construir | Stable |
| 19:59 | Investigar | Gold Mining |
| 20:06 | Construir | Mining Camp |
| 20:23 | Construir | House |
| 21:26 | Construir | Palisade Gate |
| 22:11 | Crear | Villager (Male) |
| 22:21 | Edad | Edad de los Castillos |
| 22:23 | Crear | Villager (Male) |
| 22:26 | Crear | Knight |
| 22:26 | Crear | Knight |
| 22:27 | Crear | Knight |
| 22:29 | Investigar | Chain Barding Armor |
| 22:49 | Crear | Knight |
| 22:49 | Crear | Knight |
| 22:49 | Crear | Knight |
| 22:50 | Crear | Villager (Male) |
| 22:50 | Crear | Villager (Male) |
| 22:58 | Investigar | Gold Shaft Mining |
| 22:59 | Investigar | Heavy Plow |
Build order — MissBigoudixxx
126 acciones detectadas en el replay
| 0:01 | Crear | Villager (Male) |
| 0:01 | Crear | Villager (Male) |
| 0:01 | Crear | Villager (Male) |
| 0:03 | Construir | House |
| 0:05 | Construir | House |
| 0:24 | Crear | Villager (Male) |
| 0:40 | Crear | Villager (Male) |
| 0:41 | Crear | Villager (Male) |
| 1:15 | Crear | Villager (Male) |
| 1:15 | Crear | Villager (Male) |
| 1:44 | Construir | Lumber Camp |
| 1:56 | Crear | Villager (Male) |
| 2:34 | Crear | Villager (Male) |
| 3:04 | Construir | House |
| 3:06 | Construir | House |
| 3:09 | Crear | Villager (Male) |
| 3:28 | Crear | Villager (Male) |
| 3:28 | Crear | Villager (Male) |
| 3:51 | Crear | Villager (Male) |
| 3:52 | Crear | Villager (Male) |
| 3:52 | Crear | Villager (Male) |
| 4:07 | Crear | Villager (Male) |
| 4:07 | Crear | Villager (Male) |
| 4:52 | Construir | Mill |
| 4:55 | Crear | Villager (Male) |
| 5:00 | Crear | Villager (Male) |
| 5:37 | Crear | Villager (Male) |
| 6:02 | Investigar | Loom |
| 7:11 | Investigar | Feudal Age |
| 8:09 | Construir | Barracks |
| 8:39 | Crear | Villager (Male) |
| 8:43 | Construir | House |
| 9:15 | Edad | Edad Feudal |
| 9:25 | Construir | Stable |
| 9:44 | Crear | Villager (Male) |
| 9:47 | Crear | Villager (Male) |
| 9:56 | Construir | Mill |
| 10:15 | Construir | House |
| 10:22 | Crear | Scout Cavalry |
| 10:22 | Crear | Scout Cavalry |
| 10:34 | Crear | Scout Cavalry |
| 10:35 | Crear | Villager (Male) |
| 10:35 | Crear | Villager (Male) |
| 10:36 | Crear | Villager (Male) |
| 10:51 | Investigar | Horse Collar |
| 10:58 | Construir | Farm |
| 11:00 | Construir | Farm |
| 11:02 | Construir | Farm |
| 11:11 | Construir | Farm |
| 11:17 | Construir | House |
| 11:26 | Crear | Scout Cavalry |
| 11:40 | Construir | Farm |
| 11:59 | Crear | Villager (Male) |
| 12:00 | Crear | Villager (Male) |
| 12:06 | Construir | Farm |
| 12:12 | Construir | Farm |
| 12:27 | Crear | Scout Cavalry |
| 12:32 | Crear | Villager (Male) |
| 12:38 | Construir | Farm |
| 12:56 | Crear | Villager (Male) |
| 13:01 | Construir | Farm |
| 13:15 | Crear | Scout Cavalry |
| 13:44 | Construir | House |
| 13:46 | Construir | House |
| 13:54 | Construir | House |
| 14:21 | Construir | House |
| 14:22 | Construir | House |
| 14:30 | Crear | Villager (Male) |
| 14:51 | Crear | Villager (Male) |
| 14:54 | Crear | Scout Cavalry |
| 14:54 | Crear | Scout Cavalry |
| 14:56 | Construir | Farm |
| 15:00 | Construir | Blacksmith |
| 15:16 | Crear | Villager (Male) |
| 15:23 | Construir | Farm |
| 15:24 | Construir | Farm |
| 15:47 | Crear | Villager (Male) |
| 15:57 | Investigar | Scale Barding Armor |
| 16:02 | Construir | House |
| 16:04 | Construir | House |
| 16:15 | Crear | Villager (Male) |
| 16:20 | Construir | Mining Camp |
| 16:26 | Construir | Market |
| 16:32 | Crear | Villager (Male) |
| 16:38 | Construir | Farm |
| 16:48 | Crear | Villager (Male) |
| 17:01 | Crear | Villager (Male) |
| 17:38 | Construir | House |
| 18:06 | Construir | House |
| 18:24 | Crear | Villager (Male) |
| 18:25 | Crear | Scout Cavalry |
| 18:26 | Crear | Scout Cavalry |
| 18:27 | Crear | Villager (Male) |
| 19:18 | Construir | Watch Tower |
| 19:25 | Crear | Villager (Male) |
| 19:32 | Crear | Villager (Male) |
| 20:32 | Crear | Villager (Male) |
| 20:44 | Construir | Market |
| 21:23 | Crear | Villager (Male) |
| 21:28 | Construir | Farm |
| 21:30 | Construir | Farm |
| 21:32 | Construir | Farm |
| 21:39 | Crear | Villager (Male) |
| 21:54 | Construir | Farm |
| 22:18 | Construir | Farm |
| 22:18 | Construir | Farm |
| 22:18 | Construir | Farm |
| 22:18 | Construir | Farm |
| 22:19 | Construir | Farm |
| 22:55 | Construir | Farm |
| 22:56 | Construir | Farm |
| 22:58 | Construir | Farm |
| 23:25 | Construir | Lumber Camp |
| 23:32 | Construir | House |
| 24:09 | Crear | Villager (Male) |
| 24:25 | Construir | Mining Camp |
| 24:26 | Crear | Villager (Male) |
| 25:06 | Construir | Farm |
| 25:09 | Crear | Villager (Male) |
| 25:28 | Construir | Farm |
| 25:46 | Construir | Farm |
| 25:53 | Crear | Villager (Male) |
| 25:54 | Crear | Villager (Male) |
| 26:19 | Investigar | Castle Age |
| 26:26 | Investigar | Forging |
| 27:37 | Construir | Farm |
Build order — Oni.GoKu
Primeras 150 de 231 acciones detectadas
| 0:01 | Investigar | Loom |
| 0:01 | Crear | Villager (Male) |
| 0:01 | Crear | Villager (Male) |
| 0:01 | Crear | Villager (Male) |
| 0:02 | Crear | Villager (Male) |
| 0:02 | Construir | House |
| 0:04 | Construir | House |
| 1:26 | Crear | Villager (Male) |
| 1:52 | Construir | Lumber Camp |
| 2:03 | Crear | Villager (Male) |
| 2:04 | Crear | Villager (Male) |
| 2:17 | Crear | Villager (Male) |
| 2:17 | Crear | Villager (Male) |
| 2:51 | Crear | Villager (Male) |
| 3:11 | Crear | Villager (Male) |
| 3:32 | Crear | Villager (Male) |
| 3:32 | Crear | Villager (Male) |
| 3:59 | Construir | House |
| 4:03 | Crear | Villager (Male) |
| 4:25 | Crear | Villager (Male) |
| 4:34 | Construir | Mill |
| 4:49 | Crear | Villager (Male) |
| 4:49 | Crear | Villager (Male) |
| 5:02 | Crear | Villager (Male) |
| 5:07 | Crear | Villager (Male) |
| 6:11 | Crear | Villager (Male) |
| 6:47 | Investigar | Feudal Age |
| 7:01 | Construir | Mining Camp |
| 7:58 | Construir | Barracks |
| 8:11 | Construir | House |
| 8:32 | Crear | Villager (Male) |
| 8:49 | Crear | Villager (Male) |
| 8:58 | Edad | Edad Feudal |
| 9:01 | Construir | Archery Range |
| 9:16 | Construir | Archery Range |
| 9:30 | Crear | Villager (Male) |
| 9:38 | Crear | Villager (Male) |
| 9:57 | Crear | Villager (Male) |
| 10:07 | Crear | Archer |
| 10:10 | Construir | Mill |
| 10:15 | Investigar | Double-Bit Axe |
| 10:22 | Construir | House |
| 10:25 | Crear | Villager (Male) |
| 10:43 | Construir | House |
| 10:46 | Construir | House |
| 10:47 | Crear | Archer |
| 10:48 | Crear | Archer |
| 11:01 | Crear | Villager (Male) |
| 11:04 | Crear | Archer |
| 11:05 | Crear | Archer |
| 11:22 | Crear | Archer |
| 11:23 | Crear | Archer |
| 11:25 | Crear | Villager (Male) |
| 11:40 | Crear | Villager (Male) |
| 11:42 | Construir | House |
| 11:46 | Construir | Palisade Wall |
| 11:50 | Crear | Archer |
| 11:51 | Crear | Archer |
| 12:06 | Construir | Blacksmith |
| 12:10 | Crear | Archer |
| 12:10 | Crear | Archer |
| 12:23 | Crear | Archer |
| 12:35 | Construir | Palisade Wall |
| 12:48 | Crear | Archer |
| 12:50 | Construir | House |
| 12:51 | Crear | Villager (Male) |
| 13:07 | Investigar | Fletching |
| 13:07 | Investigar | Fletching |
| 13:12 | Construir | Farm |
| 13:12 | Crear | Villager (Male) |
| 13:14 | Construir | Farm |
| 13:20 | Crear | Archer |
| 13:21 | Crear | Archer |
| 13:31 | Construir | House |
| 13:33 | Construir | Palisade Wall |
| 13:35 | Crear | Villager (Male) |
| 13:39 | Construir | Palisade Wall |
| 13:41 | Construir | Palisade Wall |
| 13:44 | Crear | Archer |
| 13:50 | Crear | Villager (Male) |
| 13:59 | Crear | Archer |
| 14:07 | Construir | Farm |
| 14:18 | Crear | Archer |
| 14:18 | Crear | Archer |
| 14:25 | Crear | Villager (Male) |
| 14:27 | Construir | Farm |
| 14:35 | Crear | Archer |
| 14:35 | Crear | Archer |
| 14:46 | Crear | Archer |
| 14:46 | Crear | Archer |
| 14:49 | Crear | Villager (Male) |
| 14:52 | Construir | House |
| 15:09 | Crear | Villager (Male) |
| 15:22 | Crear | Archer |
| 15:22 | Crear | Archer |
| 15:30 | Construir | Farm |
| 15:34 | Construir | Farm |
| 15:38 | Crear | Villager (Male) |
| 15:43 | Crear | Archer |
| 15:43 | Crear | Archer |
| 15:47 | Construir | House |
| 16:01 | Crear | Archer |
| 16:04 | Crear | Villager (Male) |
| 16:12 | Crear | Villager (Male) |
| 16:24 | Construir | Market |
| 16:30 | Crear | Archer |
| 16:31 | Crear | Archer |
| 16:48 | Construir | Farm |
| 16:54 | Crear | Villager (Male) |
| 16:55 | Construir | Farm |
| 17:04 | Crear | Archer |
| 17:04 | Crear | Archer |
| 17:09 | Construir | House |
| 17:28 | Crear | Villager (Male) |
| 17:29 | Crear | Archer |
| 17:30 | Crear | Archer |
| 17:37 | Construir | House |
| 17:51 | Crear | Villager (Male) |
| 18:14 | Construir | Mining Camp |
| 18:22 | Investigar | Castle Age |
| 18:24 | Crear | Archer |
| 18:24 | Crear | Archer |
| 18:42 | Construir | Archery Range |
| 18:43 | Crear | Archer |
| 18:44 | Crear | Archer |
| 19:24 | Crear | Archer |
| 19:24 | Crear | Archer |
| 19:43 | Crear | Archer |
| 19:43 | Crear | Archer |
| 19:46 | Investigar | Gold Mining |
| 20:02 | Construir | Lumber Camp |
| 20:08 | Crear | Archer |
| 20:08 | Crear | Archer |
| 20:28 | Construir | House |
| 20:29 | Construir | House |
| 20:50 | Construir | Farm |
| 20:52 | Construir | Farm |
| 21:01 | Crear | Villager (Male) |
| 21:02 | Edad | Edad de los Castillos |
| 21:03 | Investigar | Crossbowman (upgrade) |
| 21:03 | Investigar | Crossbowman (upgrade) |
| 21:04 | Investigar | Bodkin Arrow |
| 21:04 | Investigar | Bodkin Arrow |
| 21:12 | Crear | Villager (Male) |
| 21:15 | Construir | University |
| 21:24 | Crear | Archer |
| 21:24 | Crear | Archer |
| 21:24 | Crear | Archer |
| 21:38 | Crear | Villager (Male) |
| 21:41 | Crear | Archer |
Build order — DSLG | Genghis Khan!!!
Primeras 150 de 211 acciones detectadas
| 0:02 | Crear | Villager (Male) |
| 0:02 | Crear | Villager (Male) |
| 0:03 | Construir | House |
| 0:05 | Construir | House |
| 0:10 | Crear | Villager (Male) |
| 0:29 | Crear | Villager (Male) |
| 0:30 | Crear | Villager (Male) |
| 1:38 | Crear | Villager (Male) |
| 1:38 | Crear | Villager (Male) |
| 1:55 | Construir | Lumber Camp |
| 2:00 | Crear | Villager (Male) |
| 2:00 | Crear | Villager (Male) |
| 2:22 | Crear | Villager (Male) |
| 2:23 | Crear | Villager (Male) |
| 2:47 | Crear | Villager (Male) |
| 2:47 | Crear | Villager (Male) |
| 3:04 | Crear | Villager (Male) |
| 3:05 | Crear | Villager (Male) |
| 3:17 | Construir | House |
| 3:38 | Crear | Villager (Male) |
| 3:41 | Crear | Villager (Male) |
| 3:41 | Crear | Villager (Male) |
| 4:22 | Crear | Villager (Male) |
| 4:25 | Crear | Villager (Male) |
| 4:47 | Construir | Mill |
| 5:35 | Crear | Villager (Male) |
| 5:35 | Crear | Villager (Male) |
| 5:36 | Crear | Villager (Male) |
| 5:37 | Crear | Villager (Male) |
| 5:37 | Crear | Villager (Male) |
| 5:37 | Crear | Villager (Male) |
| 5:38 | Crear | Villager (Male) |
| 6:16 | Investigar | Loom |
| 6:51 | Investigar | Feudal Age |
| 6:52 | Investigar | Feudal Age |
| 7:13 | Construir | Lumber Camp |
| 7:29 | Construir | House |
| 8:12 | Construir | Barracks |
| 8:48 | Crear | Villager (Male) |
| 9:01 | Edad | Edad Feudal |
| 9:06 | Crear | Villager (Male) |
| 9:08 | Construir | Stable |
| 9:16 | Investigar | Double-Bit Axe |
| 9:29 | Construir | House |
| 9:36 | Crear | Villager (Male) |
| 9:49 | Construir | Palisade Gate |
| 9:53 | Crear | Villager (Male) |
| 10:06 | Crear | Scout Cavalry |
| 10:06 | Crear | Scout Cavalry |
| 10:19 | Crear | Villager (Male) |
| 10:42 | Construir | Mill |
| 10:48 | Investigar | Horse Collar |
| 10:49 | Crear | Scout Cavalry |
| 10:52 | Construir | House |
| 10:57 | Crear | Villager (Male) |
| 10:59 | Construir | Farm |
| 11:01 | Construir | Farm |
| 11:14 | Construir | Farm |
| 11:23 | Crear | Scout Cavalry |
| 11:26 | Construir | Farm |
| 11:36 | Construir | Farm |
| 11:44 | Construir | Farm |
| 11:47 | Construir | House |
| 11:50 | Crear | Villager (Male) |
| 11:56 | Construir | Farm |
| 12:06 | Construir | Farm |
| 12:18 | Crear | Villager (Male) |
| 12:22 | Construir | Farm |
| 12:25 | Construir | House |
| 12:46 | Crear | Villager (Male) |
| 12:48 | Construir | Farm |
| 12:49 | Construir | Farm |
| 13:04 | Crear | Scout Cavalry |
| 13:07 | Construir | Palisade Wall |
| 13:08 | Crear | Villager (Male) |
| 13:15 | Crear | Villager (Male) |
| 13:18 | Construir | Palisade Wall |
| 13:19 | Construir | Palisade Wall |
| 13:19 | Construir | Palisade Wall |
| 13:24 | Construir | Palisade Wall |
| 13:26 | Construir | Palisade Wall |
| 13:30 | Crear | Scout Cavalry |
| 13:50 | Crear | Villager (Male) |
| 13:54 | Construir | Palisade Wall |
| 13:55 | Construir | Palisade Wall |
| 14:05 | Crear | Scout Cavalry |
| 14:06 | Construir | Palisade Wall |
| 14:07 | Construir | Palisade Wall |
| 14:31 | Crear | Villager (Male) |
| 14:36 | Construir | Stable |
| 14:42 | Crear | Scout Cavalry |
| 14:43 | Crear | Villager (Male) |
| 15:02 | Crear | Villager (Male) |
| 15:03 | Construir | Farm |
| 15:05 | Construir | Farm |
| 15:06 | Construir | Farm |
| 15:08 | Construir | Farm |
| 15:09 | Construir | Farm |
| 15:12 | Construir | House |
| 15:20 | Crear | Scout Cavalry |
| 15:20 | Crear | Scout Cavalry |
| 15:39 | Crear | Villager (Male) |
| 15:58 | Crear | Villager (Male) |
| 16:00 | Construir | House |
| 16:01 | Construir | Farm |
| 16:02 | Construir | Farm |
| 16:06 | Crear | Scout Cavalry |
| 16:11 | Construir | Blacksmith |
| 16:16 | Construir | House |
| 16:48 | Crear | Scout Cavalry |
| 16:48 | Crear | Villager (Male) |
| 16:49 | Crear | Villager (Male) |
| 16:59 | Crear | Villager (Male) |
| 17:09 | Crear | Villager (Male) |
| 17:11 | Construir | Stable |
| 17:13 | Construir | House |
| 17:26 | Crear | Scout Cavalry |
| 17:26 | Crear | Scout Cavalry |
| 17:28 | Crear | Villager (Male) |
| 17:30 | Construir | Farm |
| 17:38 | Investigar | Scale Barding Armor |
| 17:41 | Construir | House |
| 17:44 | Construir | House |
| 17:47 | Construir | Palisade Wall |
| 17:48 | Crear | Villager (Male) |
| 17:51 | Construir | Farm |
| 17:53 | Crear | Scout Cavalry |
| 17:53 | Crear | Scout Cavalry |
| 18:04 | Crear | Scout Cavalry |
| 18:04 | Crear | Scout Cavalry |
| 18:05 | Crear | Villager (Male) |
| 18:11 | Construir | Mining Camp |
| 18:20 | Crear | Villager (Male) |
| 18:23 | Crear | Scout Cavalry |
| 18:23 | Crear | Scout Cavalry |
| 18:27 | Construir | Farm |
| 18:34 | Crear | Villager (Male) |
| 18:48 | Crear | Scout Cavalry |
| 18:52 | Construir | Farm |
| 19:04 | Crear | Scout Cavalry |
| 19:05 | Crear | Villager (Male) |
| 19:06 | Crear | Scout Cavalry |
| 19:06 | Crear | Scout Cavalry |
| 19:16 | Crear | Villager (Male) |
| 19:40 | Crear | Villager (Male) |
| 19:54 | Crear | Villager (Male) |
| 19:57 | Construir | Market |
| 20:10 | Crear | Villager (Male) |
| 20:31 | Construir | House |
| 20:49 | Construir | House |
Build order — DidierMotet
Primeras 150 de 163 acciones detectadas
| 0:00 | Crear | Villager (Male) |
| 0:01 | Crear | Villager (Male) |
| 0:01 | Crear | Villager (Male) |
| 0:02 | Construir | House |
| 0:03 | Construir | House |
| 0:50 | Crear | Villager (Male) |
| 0:50 | Crear | Villager (Male) |
| 1:35 | Crear | Villager (Male) |
| 1:48 | Construir | Lumber Camp |
| 1:51 | Crear | Villager (Male) |
| 1:52 | Crear | Villager (Male) |
| 2:05 | Crear | Villager (Male) |
| 2:05 | Crear | Villager (Male) |
| 2:34 | Crear | Villager (Male) |
| 2:43 | Crear | Villager (Male) |
| 2:43 | Crear | Villager (Male) |
| 3:09 | Crear | Villager (Male) |
| 3:55 | Crear | Villager (Male) |
| 3:56 | Crear | Villager (Male) |
| 4:19 | Crear | Villager (Male) |
| 4:35 | Construir | House |
| 4:37 | Investigar | Loom |
| 4:37 | Crear | Villager (Male) |
| 4:38 | Crear | Villager (Male) |
| 4:38 | Crear | Villager (Male) |
| 4:44 | Crear | Villager (Male) |
| 5:26 | Construir | Mining Camp |
| 6:41 | Investigar | Feudal Age |
| 7:16 | Construir | Barracks |
| 7:46 | Construir | House |
| 8:04 | Crear | Villager (Male) |
| 8:08 | Construir | House |
| 8:52 | Edad | Edad Feudal |
| 8:54 | Construir | Archery Range |
| 9:13 | Crear | Villager (Male) |
| 9:19 | Construir | Archery Range |
| 9:42 | Crear | Spearman |
| 10:05 | Crear | Villager (Male) |
| 10:06 | Crear | Archer |
| 10:12 | Crear | Villager (Male) |
| 10:12 | Crear | Archer |
| 10:16 | Construir | House |
| 10:17 | Construir | Palisade Wall |
| 10:19 | Construir | Palisade Wall |
| 10:19 | Construir | Palisade Wall |
| 10:21 | Crear | Villager (Male) |
| 10:24 | Crear | Archer |
| 10:36 | Construir | Mill |
| 10:38 | Crear | Archer |
| 10:57 | Construir | Palisade Wall |
| 11:05 | Crear | Archer |
| 11:05 | Crear | Archer |
| 11:21 | Construir | Blacksmith |
| 11:52 | Construir | Watch Tower |
| 11:59 | Crear | Villager (Male) |
| 12:04 | Crear | Archer |
| 12:04 | Crear | Archer |
| 12:05 | Crear | Archer |
| 12:54 | Investigar | Fletching |
| 13:01 | Construir | Farm |
| 13:02 | Construir | Farm |
| 13:02 | Construir | Farm |
| 13:03 | Construir | Farm |
| 13:11 | Crear | Villager (Male) |
| 13:12 | Crear | Villager (Male) |
| 13:29 | Construir | Farm |
| 13:37 | Crear | Archer |
| 13:38 | Crear | Villager (Male) |
| 13:42 | Construir | House |
| 13:50 | Crear | Archer |
| 13:55 | Construir | House |
| 14:21 | Crear | Archer |
| 14:22 | Crear | Villager (Male) |
| 14:36 | Crear | Archer |
| 14:38 | Crear | Villager (Male) |
| 14:45 | Crear | Villager (Male) |
| 14:51 | Crear | Archer |
| 14:51 | Crear | Archer |
| 14:53 | Construir | Farm |
| 15:06 | Crear | Villager (Male) |
| 15:15 | Crear | Archer |
| 15:32 | Crear | Villager (Male) |
| 15:33 | Construir | Farm |
| 15:49 | Crear | Villager (Male) |
| 15:50 | Crear | Archer |
| 15:50 | Crear | Archer |
| 15:54 | Construir | House |
| 15:58 | Crear | Villager (Male) |
| 15:58 | Crear | Villager (Male) |
| 16:00 | Crear | Archer |
| 16:28 | Construir | House |
| 16:29 | Construir | House |
| 16:38 | Crear | Archer |
| 16:39 | Crear | Archer |
| 16:41 | Crear | Villager (Male) |
| 16:45 | Crear | Archer |
| 16:46 | Crear | Archer |
| 17:44 | Crear | Villager (Male) |
| 17:46 | Crear | Archer |
| 17:46 | Crear | Archer |
| 17:49 | Construir | House |
| 17:50 | Construir | House |
| 18:20 | Construir | Market |
| 19:25 | Investigar | Castle Age |
| 19:28 | Crear | Archer |
| 19:29 | Crear | Archer |
| 20:20 | Crear | Archer |
| 20:20 | Crear | Archer |
| 20:23 | Construir | Archery Range |
| 20:25 | Crear | Archer |
| 20:25 | Crear | Archer |
| 20:32 | Construir | House |
| 20:37 | Construir | House |
| 20:38 | Construir | House |
| 20:43 | Crear | Archer |
| 20:49 | Investigar | Double-Bit Axe |
| 20:59 | Crear | Archer |
| 21:03 | Investigar | Padded Archer Armor |
| 21:27 | Crear | Archer |
| 21:27 | Crear | Archer |
| 21:40 | Crear | Archer |
| 21:40 | Crear | Archer |
| 21:53 | Crear | Archer |
| 21:53 | Crear | Archer |
| 21:53 | Crear | Archer |
| 21:58 | Crear | Villager (Male) |
| 21:58 | Crear | Villager (Male) |
| 22:05 | Edad | Edad de los Castillos |
| 22:17 | Investigar | Crossbowman (upgrade) |
| 23:13 | Investigar | Bodkin Arrow |
| 23:19 | Construir | Farm |
| 23:38 | Construir | University |
| 23:45 | Crear | Villager (Male) |
| 23:46 | Crear | Archer |
| 24:18 | Crear | Archer |
| 24:18 | Crear | Archer |
| 24:19 | Crear | Archer |
| 24:19 | Crear | Archer |
| 24:19 | Crear | Archer |
| 24:20 | Crear | Villager (Male) |
| 24:53 | Crear | Villager (Male) |
| 25:05 | Crear | Archer |
| 25:05 | Crear | Archer |
| 25:06 | Crear | Archer |
| 25:06 | Crear | Archer |
| 25:20 | Crear | Archer |
| 25:20 | Crear | Archer |
| 25:21 | Crear | Archer |
| 25:25 | Crear | Villager (Male) |
| 25:26 | Construir | Farm |
Build order — Oni.Forkxx
Primeras 150 de 154 acciones detectadas
| 0:03 | Construir | House |
| 0:08 | Construir | House |
| 0:11 | Crear | Villager (Male) |
| 0:11 | Crear | Villager (Male) |
| 0:45 | Crear | Villager (Male) |
| 0:45 | Crear | Villager (Male) |
| 1:30 | Construir | Lumber Camp |
| 1:40 | Crear | Villager (Male) |
| 1:41 | Crear | Villager (Male) |
| 2:18 | Crear | Villager (Male) |
| 2:19 | Crear | Villager (Male) |
| 2:45 | Crear | Villager (Male) |
| 2:45 | Crear | Villager (Male) |
| 2:53 | Crear | Villager (Male) |
| 2:53 | Crear | Villager (Male) |
| 3:27 | Crear | Villager (Male) |
| 3:27 | Crear | Villager (Male) |
| 3:54 | Construir | House |
| 4:22 | Crear | Villager (Male) |
| 4:22 | Crear | Villager (Male) |
| 4:32 | Crear | Villager (Male) |
| 4:32 | Crear | Villager (Male) |
| 4:32 | Crear | Villager (Male) |
| 5:30 | Crear | Villager (Male) |
| 5:31 | Crear | Villager (Male) |
| 5:31 | Crear | Villager (Male) |
| 6:27 | Construir | Mill |
| 6:36 | Crear | Villager (Male) |
| 6:38 | Crear | Villager (Male) |
| 7:33 | Investigar | Loom |
| 7:40 | Construir | Barracks |
| 7:48 | Investigar | Feudal Age |
| 8:39 | Construir | Mining Camp |
| 8:47 | Construir | Palisade Wall |
| 8:53 | Crear | Villager (Male) |
| 9:43 | Construir | Palisade Gate |
| 9:52 | Construir | House |
| 10:01 | Construir | Palisade Wall |
| 10:08 | Edad | Edad Feudal |
| 10:22 | Construir | House |
| 10:25 | Crear | Spearman |
| 10:37 | Construir | Palisade Wall |
| 10:56 | Construir | Archery Range |
| 11:02 | Crear | Villager (Male) |
| 11:02 | Crear | Villager (Male) |
| 11:02 | Crear | Villager (Male) |
| 11:03 | Crear | Villager (Male) |
| 11:20 | Crear | Villager (Male) |
| 11:20 | Crear | Villager (Male) |
| 11:54 | Investigar | Horse Collar |
| 12:17 | Crear | Spearman |
| 12:34 | Crear | Spearman |
| 12:45 | Crear | Villager (Male) |
| 12:45 | Crear | Villager (Male) |
| 12:47 | Crear | Archer |
| 12:50 | Construir | House |
| 12:58 | Construir | Palisade Gate |
| 13:04 | Construir | Farm |
| 13:18 | Construir | Palisade Wall |
| 13:28 | Construir | Blacksmith |
| 13:32 | Crear | Archer |
| 13:36 | Construir | Farm |
| 13:37 | Construir | Farm |
| 14:04 | Crear | Archer |
| 14:06 | Construir | Farm |
| 14:12 | Construir | Farm |
| 14:12 | Construir | Farm |
| 14:12 | Construir | Farm |
| 14:13 | Construir | Farm |
| 14:13 | Construir | Farm |
| 14:24 | Crear | Archer |
| 14:41 | Crear | Spearman |
| 14:53 | Crear | Archer |
| 14:56 | Construir | Farm |
| 14:56 | Construir | Farm |
| 14:56 | Construir | Farm |
| 14:57 | Construir | Farm |
| 15:08 | Crear | Archer |
| 15:14 | Investigar | Fletching |
| 15:30 | Construir | Farm |
| 15:34 | Crear | Spearman |
| 15:57 | Crear | Villager (Male) |
| 15:57 | Crear | Villager (Male) |
| 15:57 | Crear | Villager (Male) |
| 16:11 | Construir | Mill |
| 16:12 | Construir | Farm |
| 16:16 | Crear | Villager (Male) |
| 16:16 | Crear | Villager (Male) |
| 16:40 | Construir | Palisade Wall |
| 16:50 | Construir | Palisade Wall |
| 16:57 | Crear | Spearman |
| 17:29 | Construir | Mill |
| 17:30 | Crear | Villager (Male) |
| 17:31 | Crear | Villager (Male) |
| 17:47 | Construir | Farm |
| 17:52 | Crear | Spearman |
| 18:26 | Construir | Farm |
| 18:26 | Construir | Farm |
| 18:37 | Crear | Villager (Male) |
| 18:38 | Crear | Villager (Male) |
| 18:58 | Construir | Farm |
| 18:59 | Construir | Farm |
| 19:00 | Construir | Farm |
| 19:26 | Construir | House |
| 19:33 | Investigar | Gold Mining |
| 19:34 | Crear | Villager (Male) |
| 19:36 | Crear | Villager (Male) |
| 19:37 | Crear | Archer |
| 19:46 | Construir | Farm |
| 19:50 | Construir | House |
| 19:55 | Crear | Archer |
| 20:16 | Crear | Villager (Male) |
| 20:35 | Construir | House |
| 20:39 | Construir | Farm |
| 20:49 | Crear | Archer |
| 20:50 | Crear | Villager (Male) |
| 20:57 | Crear | Villager (Male) |
| 21:14 | Construir | Farm |
| 21:16 | Construir | Farm |
| 21:24 | Crear | Archer |
| 21:33 | Investigar | Double-Bit Axe |
| 21:38 | Crear | Villager (Male) |
| 21:39 | Crear | Villager (Male) |
| 21:42 | Construir | Farm |
| 22:08 | Crear | Villager (Male) |
| 22:15 | Construir | Farm |
| 22:46 | Construir | Farm |
| 22:53 | Construir | Market |
| 23:00 | Crear | Villager (Male) |
| 23:19 | Crear | Villager (Male) |
| 23:37 | Construir | Lumber Camp |
| 23:53 | Investigar | Castle Age |
| 23:53 | Investigar | Castle Age |
| 24:19 | Crear | Archer |
| 24:22 | Construir | Archery Range |
| 24:54 | Crear | Villager (Male) |
| 25:09 | Construir | Archery Range |
| 25:20 | Crear | Archer |
| 25:21 | Crear | Archer |
| 26:19 | Construir | Palisade Gate |
| 26:24 | Crear | Archer |
| 26:25 | Crear | Archer |
| 26:26 | Crear | Villager (Male) |
| 26:33 | Edad | Edad de los Castillos |
| 26:37 | Investigar | Crossbowman (upgrade) |
| 26:50 | Construir | House |
| 26:58 | Investigar | Thumb Ring |
| 26:58 | Crear | Archer |
| 27:24 | Construir | Farm |
| 27:25 | Construir | Farm |
Cronología de la partida
| 7:16 | DidierMotet · first_building Barracks |
| 7:40 | Oni.Forkxx · first_building Barracks |
| 7:58 | Oni.GoKu · first_building Barracks |
| 8:03 | Oni.Tonmsaoe2 · first_building Barracks |
| 8:09 | MissBigoudixxx · first_building Barracks |
| 8:12 | DSLG | Genghis Khan!!! · first_building Barracks |
| 8:23 | Oni.Nego · first_building Barracks |
| 8:31 | gamelnderGamler · first_building Barracks |
| 8:47 | Oni.Forkxx · wall_segment Palisade Wall x5 |
| 8:51 | Oni.Tonmsaoe2 · age_up feudal |
| 8:52 | DidierMotet · age_up feudal |
| 8:53 | Oni.Tonmsaoe2 · first_building Stable |
| 8:54 | DidierMotet · first_building Archery Range |
| 8:57 | Oni.Nego · age_up feudal |
| 8:58 | Oni.GoKu · age_up feudal |
| 9:01 | Oni.GoKu · first_building Archery Range |
| 9:01 | DSLG | Genghis Khan!!! · age_up feudal |
| 9:08 | DSLG | Genghis Khan!!! · first_building Stable |
| 9:15 | MissBigoudixxx · age_up feudal |
| 9:25 | MissBigoudixxx · first_building Stable |
| 9:25 | Oni.Nego · first_building Stable |
| 9:38 | gamelnderGamler · wall_segment Palisade Wall x9 |
| 9:52 | gamelnderGamler · age_up feudal |
| 9:59 | gamelnderGamler · first_building Archery Range |
| 10:01 | Oni.Forkxx · wall_segment Palisade Wall x6 |
| 10:08 | Oni.Forkxx · age_up feudal |
| 10:17 | DidierMotet · wall_segment Palisade Wall x1 |
| 10:19 | DidierMotet · wall_segment Palisade Wall x1 |
| 10:19 | DidierMotet · wall_segment Palisade Wall x1 |
| 10:21 | Oni.Tonmsaoe2 · wall_segment Palisade Wall x4 |
| 10:22 | Oni.Tonmsaoe2 · wall_segment Palisade Wall x10 |
| 10:37 | Oni.Forkxx · wall_segment Palisade Wall x10 |
| 10:56 | Oni.Forkxx · first_building Archery Range |
| 10:57 | DidierMotet · wall_segment Palisade Wall x8 |
| 11:24 | Oni.Tonmsaoe2 · wall_segment Palisade Wall x2 |
| 11:45 | Oni.Tonmsaoe2 · wall_segment Palisade Wall x7 |
| 11:46 | Oni.GoKu · wall_segment Palisade Wall x4 |
| 11:56 | Oni.Nego · wall_segment Palisade Wall x3 |
| 12:05 | Oni.Tonmsaoe2 · wall_segment Palisade Wall x13 |
| 12:08 | Oni.Nego · wall_segment Palisade Wall x9 |
| 12:09 | Oni.Nego · wall_segment Palisade Wall x1 |
| 12:11 | Oni.Nego · wall_segment Palisade Wall x6 |
| 12:35 | Oni.GoKu · wall_segment Palisade Wall x4 |
| 12:40 | Oni.Nego · wall_segment Palisade Wall x4 |
| 12:41 | Oni.Nego · wall_segment Palisade Wall x1 |
| 12:42 | Oni.Nego · wall_segment Palisade Wall x1 |
| 12:45 | Oni.Nego · wall_segment Palisade Wall x12 |
| 12:47 | Oni.Tonmsaoe2 · wall_segment Palisade Wall x16 |
| 13:07 | DSLG | Genghis Khan!!! · wall_segment Palisade Wall x5 |
| 13:09 | Oni.Tonmsaoe2 · wall_segment Palisade Wall x5 |
| 13:18 | DSLG | Genghis Khan!!! · wall_segment Palisade Wall x1 |
| 13:18 | Oni.Forkxx · wall_segment Palisade Wall x12 |
| 13:19 | DSLG | Genghis Khan!!! · wall_segment Palisade Wall x1 |
| 13:19 | DSLG | Genghis Khan!!! · wall_segment Palisade Wall x1 |
| 13:20 | Oni.Nego · wall_segment Palisade Wall x6 |
| 13:24 | DSLG | Genghis Khan!!! · wall_segment Palisade Wall x1 |
| 13:26 | DSLG | Genghis Khan!!! · wall_segment Palisade Wall x1 |
| 13:28 | Oni.Nego · wall_segment Palisade Wall x20 |
| 13:33 | Oni.GoKu · wall_segment Palisade Wall x10 |
| 13:39 | Oni.GoKu · wall_segment Palisade Wall x13 |
| 13:41 | Oni.GoKu · wall_segment Palisade Wall x5 |
| 13:54 | DSLG | Genghis Khan!!! · wall_segment Palisade Wall x1 |
| 13:55 | DSLG | Genghis Khan!!! · wall_segment Palisade Wall x1 |
| 14:06 | DSLG | Genghis Khan!!! · wall_segment Palisade Wall x1 |
| 14:07 | DSLG | Genghis Khan!!! · wall_segment Palisade Wall x1 |
| 15:18 | Oni.Tonmsaoe2 · wall_segment Palisade Wall x5 |
| 15:47 | Oni.Tonmsaoe2 · wall_segment Palisade Wall x5 |
| 15:49 | Oni.Tonmsaoe2 · wall_segment Palisade Wall x5 |
| 15:51 | Oni.Tonmsaoe2 · wall_segment Palisade Wall x7 |
| 16:07 | Oni.Nego · wall_segment Palisade Wall x4 |
| 16:40 | Oni.Forkxx · wall_segment Palisade Wall x4 |
| 16:50 | Oni.Forkxx · wall_segment Palisade Wall x1 |
| 17:39 | Oni.GoKu · first_market_sell 100 stone |
| 17:41 | Oni.GoKu · first_market_buy 100 food |
| 17:43 | Oni.Tonmsaoe2 · wall_segment Palisade Wall x4 |
| 17:47 | DSLG | Genghis Khan!!! · wall_segment Palisade Wall x15 |
| 17:48 | Oni.Tonmsaoe2 · wall_segment Palisade Wall x1 |
| 17:56 | Oni.Tonmsaoe2 · wall_segment Palisade Wall x10 |
| 19:04 | gamelnderGamler · wall_segment Palisade Wall x1 |
| 19:24 | DidierMotet · first_market_sell 100 wood |
| 19:25 | DidierMotet · first_market_buy 100 food |
| 20:55 | DSLG | Genghis Khan!!! · first_market_sell 100 wood |
| 21:02 | Oni.GoKu · age_up castle |
| 21:38 | DSLG | Genghis Khan!!! · wall_segment Palisade Wall x13 |
| 21:41 | DSLG | Genghis Khan!!! · wall_segment Palisade Wall x4 |
| 21:59 | DSLG | Genghis Khan!!! · wall_segment Palisade Wall x1 |
| 22:03 | DSLG | Genghis Khan!!! · wall_segment Palisade Wall x2 |
| 22:05 | DidierMotet · age_up castle |
| 22:18 | gamelnderGamler · age_up castle |
| 22:21 | Oni.Nego · age_up castle |
| 22:28 | DSLG | Genghis Khan!!! · wall_segment Stone Wall x7 |
| 23:41 | DSLG | Genghis Khan!!! · wall_segment Palisade Wall x1 |
| 24:07 | DSLG | Genghis Khan!!! · age_up castle |
| 24:40 | Oni.Tonmsaoe2 · age_up castle |
| 24:44 | Oni.Nego · first_market_sell 500 wood |
| 26:20 | Oni.Nego · first_market_buy 100 wood |
| 26:33 | Oni.Forkxx · age_up castle |
| 27:47 | gamelnderGamler · resign |
[ ANÁLISIS IA · 1 CRÉDITO ]
¿Qué pasó realmente en esta partida?
Wolo.gg analiza cada decisión: build order, eco, micro, errores típicos por bracket. Análisis personalizado por WhatsApp o Discord en 30 segundos.
Guía civ
Hunos
Perfil
Jugador #8823994